AoeStats
← ArtTroy2751

Hideout

510152656Analyzed
1v1 RM · 18h ago on Sep 29, 2026· 28m 22s· 2 players
Game mode
Random Map
Map size
Tiny (2 player)
Population
200
Speed
Normal
Resources
Standard
Victory
Conquest
Starting age
Dark Age
Ending age
Imperial Age
RankedLock teamsTeams togetherTeam positionsShared explorationLock speedFull tech treeHidden civsTurbo modeCheats
Victory
Defeat
🇲🇽 Cumans · Mexico
1270
+17
🇲🇽 Franks · Mexico
1294
-17
ArtTroy2751
6:31 Loom
8:55 Feudal Age
10:00 Double-Bit Axe
10:07 Horse Collar
17:23 Wheelbarrow
22:03 Castle Age
20:48 Gold Mining
21:37 Scale Barding Armor
21:42 Forging
23:07 Chain Barding Armor
22:48 Scale Mail Armor
23:03 Bloodlines
24:02 Fletching
26:10 Iron Casting
ACI Paradoja
11:02 Feudal Age
14:41 Castle Age
12:43 Double-Bit Axe
13:00 Loom
Connection lost

Rejoining the realm…

Still unreachable

The connection could not be restored.

Session expired

The server has moved on; the page needs a fresh start.